Map: [ESL] Tropical Sacrifice

Players

gumiho

  • Race: Terran Terran
  • Spawn Location: 7:00

Reynor - Winner!

  • Race: Zerg Zerg
  • League: Master
  • Spawn Location: 1:00

Event: HomeStory Cup XXII

VOD

Have the link to the VOD?

Description

Time

  • Played on: Dec. 17, 2022, 10:06 a.m.
  • Length: 16:49

All games in this series

Show
View Real Time Build Order
Export as new Build Order

gumiho Terran 

Build Orders: Command Center First (CC), Mech 

Get SALT Encoding   

  12  0:00  SCV  
  13  0:12  SCV  
  14  0:17  Supply Depot  
  14  0:24  SCV  
  15  0:38  SCV  
  16  0:51  SCV  
  17  0:59  Command Center  
  17  1:03  SCV  
  18  1:14  Barracks  
  18  1:17  SCV  
  19  1:22  Refinery  
  19  1:29  SCV  
  19  1:32  Refinery  
  20  1:41  SCV  
  21  1:53  SCV  
  22  2:01  Reaper  
  23  2:05  Orbital Command  
  23  2:11  Orbital Command  
  23  2:19  Factory  
  23  2:30  SCV  
  23  2:34  Barracks Reactor  
  25  2:37  SCV  
  25  2:42  SCV  
  26  2:49  SCV  
  27  2:54  Command Center  
  27  2:56  SCV  
  28  3:02  SCV  
  29  3:10  SCV, Starport  
  29  3:14  SCV  
  29  3:17  Supply Depot  
  30  3:26  SCV x2  
  32  3:28  Hellion x2  
  32  3:30  Barracks Tech Lab  
  36  3:38  SCV x2  
  38  3:46  Viking  
  40  3:49  Hellion, Marine  
  40  3:50  SCV  
  46  3:57  SCV  
  46  4:02  SCV  
  46  4:06  Orbital Command  
  46  4:09  SCV  
  46  4:12  Hellion x2  
  46  4:14  SCV  
  46  4:15  Armory  
  52  4:21  SCV  
  52  4:24  Supply Depot  
  52  4:32  SCV x2  
  52  4:33  Factory  
  52  4:35  Hellion x2  
  52  4:38  Barracks Tech Lab  
  57  4:40  SCV  
  57  4:44  SCV x2  
  60  4:47  Factory  
  60  4:48  Refinery  
  60  4:49  Supply Depot, Refinery  
  60  4:51  Orbital Command  
  60  4:52  SCV  
  61  4:56  Supply Depot, SCV  
  62  5:00  Hellion  
  62  5:01  Hellion  
  62  5:04  SCV  
  62  5:05  Terran Vehicle And Ship Armor Level 1  
  67  5:09  SCV  
  67  5:10  Starport Reactor  
  68  5:16  SCV x2  
  68  5:19  Supply Depot  
  68  5:21  SCV  
  71  5:24  Supply Depot  
  69  5:28  SCV  
  69  5:29  SCV  
  69  5:33  SCV  
  69  5:34  Thor  
  78  5:40  SCV  
  78  5:41  Supply Depot, SCV  
  80  5:44  Refinery  
  80  5:45  Refinery, SCV  
  80  5:49  Medivac x2  
  81  5:59  Thor, Hellion x2  
  81  6:01  SCV x2  
  81  6:02  SCV  
  90  6:12  Engineering Bay, Supply Depot  
  90  6:13  SCV x2  
  90  6:14  SCV  
  93  6:20  Hellion x2  
  96  6:25  SCV x2  
  96  6:27  Starport Tech Lab  
  94  6:35  Hellion  
  94  6:37  SCV x2  
  94  6:38  SCV  
  99  6:40  Factory x2  
  99  6:41  Hellion  
  101  6:48  Mag-Field Accelerator  
  101  6:49  SCV x2  
  101  6:50  SCV  
  104  6:55  Supply Depot  
  104  6:56  Supply Depot  
  104  6:57  Supply Depot  
  104  6:58  Command Center  
  104  7:02  SCV x3  
  104  7:03  Banshee, Cloaking Field  
  110  7:14  SCV x3  
  113  7:22  Siege Tank x2  
  115  7:23  Hellion  
  115  7:25  Hellion  
  115  7:28  SCV x3, Terran Vehicle And Ship Armor Level 2  
  116  7:34  Hellion x2, Factory Tech Lab  
  116  7:35  Infernal Pre-Igniter  
  120  7:40  Supply Depot, SCV x2  
  124  7:44  Supply Depot, Hellion  
  124  7:45  Banshee  
  127  7:51  SCV  
  127  7:52  SCV  
  127  7:54  Siege Tank x2  
  135  8:05  Hellion, Siege Tank  
  142  8:06  Hellion x3  
  142  8:11  Orbital Command  
  146  8:20  Refinery, Factory  
  146  8:21  Refinery  
  146  8:22  Factory  
  146  8:26  Siege Tank  
  149  8:29  Missile Turret  
  149  8:33  Smart Servos  
  149  8:35  Banshee  
  149  8:36  Hyperflight Rotors  
  152  8:44  Thor  
  158  8:50  Command Center  
  158  8:52  Command Center  
  158  8:53  Thor  
  164  8:58  Supply Depot  
  164  9:01  SCV  
  164  9:02  SCV  
  166  9:05  Supply Depot  
  166  9:17  Command Center  
  166  9:26  Cyclone, Factory Tech Lab  
  166  9:27  Cyclone, Banshee  
  166  9:28  Factory Tech Lab  
  166  9:30  Hellion x3  
  165  9:36  Cyclone  
  168  9:40  Missile Turret  
  168  9:41  Missile Turret  
  168  9:42  Missile Turret  
  168  9:46  Orbital Command  
  168  9:55  Thor x2  
  168  9:56  Hellion x3  
  171  10:08  Thor  
  171  10:09  Hellion  
  171  10:10  Hellion, Banshee  
  184  10:18  Thor  
  188  10:23  Command Center  
  188  10:27  Orbital Command x2  
  182  10:29  Terran Vehicle Weapons Level 1  
  182  10:30  Planetary Fortress  
  182  10:31  Cyclone, Armory  
  182  10:34  Hellion x3  
  182  10:35  Missile Turret  
  191  10:37  SCV x3  
  191  10:38  Cyclone x2  
  200  10:54  Orbital Command  
  200  10:56  Orbital Command  
  200  10:57  Orbital Command  
  185  11:08  Thor x3  
  185  11:09  Hellion  
  185  11:11  Hellion x2  
  185  11:17  Hellion x3  
  189  11:30  Hellion  
  189  11:32  Hellion x2  
  195  11:38  Thor, Hellion  
  197  11:51  Cyclone, Hellion  
  194  11:55  Banshee  
  180  12:11  Thor x2, Hellion  
  180  12:13  Hellion  
  192  12:20  Hellion x2  
  196  12:25  Orbital Command x2  
  196  12:27  Thor, Orbital Command  
  196  12:28  Hellion x2  
  198  12:33  Hellion  
  186  12:38  Banshee  
  186  12:40  Hellion  
  186  12:41  Hellion x2  
  176  12:49  Thor  
  176  12:50  Hellion  
  184  12:54  Hellion x3  
  188  13:01  Hellion  
  188  13:02  Hellion  
  188  13:03  Hellion  
  194  13:07  SCV x4  
  194  13:11  Hellion  
  198  13:16  Hellion  
  200  13:26  Terran Vehicle Weapons Level 2  
  200  13:30  Refinery  
  200  13:31  Refinery, Starport x2  
  200  13:33  Orbital Command  
  200  13:34  Command Center, Orbital Command  
  200  13:36  Orbital Command  
  200  13:38  Hellion x2  
  193  13:44  Orbital Command  
  193  13:49  Thor  
  196  14:00  Banshee  
  197  14:07  Thor  
  186  14:10  Thor  
  186  14:16  Hellion x4  
  183  14:18  Hellion x2  
  162  14:28  SCV  
  162  14:29  SCV x2  
  163  14:32  Hellion, Medivac  
  163  14:37  Hellion x2  
  163  14:38  Hellion x2  
  175  14:39  SCV  
  175  14:40  Hellion x2  
  175  14:43  Refinery  
  180  14:48  SCV x2  
  180  14:49  SCV  
  180  14:50  Hellion  
  180  14:51  SCV x2  
  180  14:52  SCV  
  188  14:53  Hellion  
  188  14:54  Hellion  
  188  14:55  Refinery  
  188  14:58  Orbital Command  
  188  14:59  Hellion  
  189  15:02  Cyclone  
  189  15:03  Orbital Command  
  189  15:06  Orbital Command  
  192  15:11  Hellion x3  
  192  15:13  Medivac x2  
  179  15:14  Orbital Command  
  179  15:17  Hellion x2  
  169  15:28  Thor x2  
  169  15:32  Hellion, Orbital Command  
  183  15:39  SCV x4  
  185  15:53  Siege Tank x2  
  172  15:57  Hellion  
  172  16:00  SCV x3  
  146  16:09  Orbital Command  
  146  16:10  Starport Tech Lab x2  
  138  16:14  SCV x2  
  140  16:19  Orbital Command x2  
Show
View Real Time Build Order
Export as new Build Order

Reynor Zerg - Winner!

Build Orders: Hatch First, Swarm Host 

Get SALT Encoding   

  12  0:00  Drone  
  13  0:12  Overlord  
  13  0:18  Drone  
  14  0:31  Drone x2  
  16  0:49  Hatchery  
  15  0:52  Drone  
  15  0:56  Drone  
  17  0:59  Drone  
  18  1:10  Extractor  
  17  1:15  Spawning Pool  
  17  1:18  Drone  
  17  1:22  Drone  
  18  1:28  Drone  
  19  1:38  Drone  
  20  1:49  Overlord  
  20  2:01  Queen x2  
  20  2:02  Zergling x4  
  26  2:11  Drone  
  26  2:12  Drone  
  26  2:14  Metabolic Boost  
  28  2:21  Drone  
  30  2:22  Drone  
  30  2:37  Hatchery  
  30  2:40  Drone  
  30  2:42  Drone  
  30  2:48  Drone  
  30  2:50  Drone  
  32  2:54  Overlord  
  32  2:57  Queen  
  34  2:59  Drone  
  34  3:04  Drone  
  36  3:11  Overlord  
  36  3:14  Drone x3  
  36  3:17  Drone  
  36  3:19  Drone  
  40  3:21  Queen  
  43  3:27  Drone  
  43  3:30  Drone  
  43  3:33  Queen  
  46  3:38  Zergling x2  
  47  3:45  Overlord  
  47  3:49  Zergling x4  
  47  3:50  Queen  
  47  3:51  Drone  
  47  3:52  Drone  
  47  3:53  Drone x2  
  55  3:59  Drone x2  
  57  4:03  Drone  
  57  4:05  Queen  
  57  4:07  Overlord  
  60  4:10  Drone x2  
  60  4:11  Drone  
  60  4:15  Drone x2  
  65  4:21  Overlord  
  65  4:24  Queen, Overlord  
  67  4:33  Overlord  
  67  4:39  Overlord  
  67  4:40  Drone x6  
  74  4:45  Zergling x4  
  74  4:46  Queen  
  74  4:48  Zergling x2  
  74  4:49  Zergling x4  
  74  4:51  Overlord  
  79  4:58  Drone  
  80  5:00  Drone  
  80  5:03  Extractor  
  80  5:04  Queen, Evolution Chamber x2  
  80  5:06  Zergling x4  
  82  5:09  Spore Crawler  
  82  5:10  Spore Crawler, Drone  
  82  5:11  Drone  
  82  5:13  Drone x3  
  85  5:17  Spore Crawler  
  85  5:20  Drone  
  85  5:25  Drone x3  
  85  5:26  Drone  
  89  5:28  Overlord  
  89  5:34  Hatchery  
  89  5:35  Zerg Ground Armor Level 1, Zerg Melee Weapons Level 1  
  88  5:39  Drone x3  
  88  5:40  Drone, Overlord  
  92  5:46  Lair  
  92  5:48  Zergling x6  
  95  5:52  Zergling x4  
  95  5:56  Drone x2  
  95  5:57  Drone  
  93  5:59  Drone  
  93  6:01  Extractor  
  93  6:03  Drone  
  93  6:06  Drone x3  
  93  6:07  Drone  
  93  6:08  Extractor  
  93  6:09  Extractor  
  93  6:10  Drone, Extractor  
  95  6:17  Baneling Nest, Drone x2  
  95  6:18  Drone  
  97  6:19  Drone x2  
  97  6:22  Zergling x2  
  98  6:29  Zergling x2  
  98  6:30  Queen  
  99  6:33  Zergling x10, Roach Warren  
  99  6:38  Overlord  
  99  6:39  Drone x2  
  105  6:40  Drone  
  105  6:43  Drone  
  105  6:45  Drone  
  105  6:46  Drone  
  108  6:48  Drone x3  
  108  6:50  Drone  
  108  6:52  Queen  
  108  6:53  Drone  
  115  7:01  Drone x3  
  115  7:02  Drone  
  115  7:03  Overlord  
  115  7:05  Spore Crawler  
  118  7:10  Queen  
  122  7:15  Roach x3  
  122  7:16  Zergling x4, Roach x2  
  122  7:21  Overlord  
  127  7:29  Overlord  
  125  7:30  Drone x5  
  125  7:34  Zerg Melee Weapons Level 2  
  125  7:35  Zerg Missile Weapons Level 1  
  130  7:38  Overlord  
  130  7:39  Overlord  
  130  7:40  Drone x4  
  130  7:43  Drone  
  135  7:45  Infestation Pit  
  135  7:46  Glial Reconstitution, Roach  
  135  7:49  Extractor  
  135  7:50  Drone, Extractor  
  135  7:51  Overlord  
  135  7:57  Zergling x10  
  140  8:03  Roach x2  
  140  8:04  Zergling x4, Roach  
  148  8:08  Zergling x4  
  148  8:11  Overlord  
  150  8:16  Centrifugal Hooks  
  150  8:22  Overlord  
  150  8:24  Overlord  
  150  8:28  Overlord  
  150  8:31  Hatchery, Swarm Host x6  
  150  8:32  Swarm Host x2  
  150  8:33  Swarm Host  
  173  8:38  Spine Crawler  
  173  8:39  Spine Crawler x2  
  173  8:40  Swarm Host x2  
  179  8:41  Swarm Host x2  
  179  8:42  Swarm Host  
  179  8:44  Ravager x2  
  179  8:45  Ravager x2  
  192  8:49  Zergling x2  
  192  8:50  Zergling x14  
  199  9:04  Spine Crawler  
  199  9:05  Spine Crawler x2  
  199  9:06  Drone x2  
  199  9:07  Drone  
  191  9:27  Roach x2  
  191  9:28  Zergling x10, Roach  
  200  9:31  Baneling x16  
  200  9:32  Hive, Zerg Missile Weapons Level 2  
  200  9:44  Spine Crawler x2  
  198  9:47  Spine Crawler  
  198  9:50  Baneling x3  
  198  9:51  Baneling x3  
  198  9:52  Ravager x3  
  198  10:08  Zergling x4  
  194  10:24  Zergling x22  
  194  10:25  Overseer  
  194  10:26  Pneumatized Carapace  
  195  10:30  Spore Crawler x2  
  195  10:32  Drone x2  
  195  10:33  Spore Crawler, Drone x2  
  195  10:35  Spore Crawler  
  195  10:37  Spore Crawler x2, Ravager x2  
  195  10:38  Ravager x2  
  195  10:39  Hatchery  
  194  10:54  Zergling x2  
  194  10:55  Zergling x10  
  196  11:08  Zergling x24  
  191  11:19  Zergling x6, Roach x3  
  191  11:24  Baneling x11  
  200  11:26  Zerg Melee Weapons Level 3, Adrenal Glands  
  196  11:35  Zergling x8  
  196  11:36  Zergling x2  
  199  11:41  Baneling x9  
  193  11:58  Zergling x2  
  193  11:59  Zergling x30  
  196  12:05  Zergling x16  
  195  12:12  Zergling x2, Roach x2  
  196  12:16  Zergling x6  
  189  12:28  Zergling x2, Roach x3  
  189  12:29  Zergling x16  
  200  12:30  Spore Crawler  
  199  12:41  Zergling x22  
  189  12:45  Roach  
  189  12:50  Zergling x12  
  183  12:54  Roach x2  
  183  12:57  Zerg Missile Weapons Level 3, Roach  
  189  13:02  Roach x3  
  193  13:11  Baneling, Ravager x6  
  193  13:12  Baneling x14  
  199  13:13  Zergling x2  
  200  13:25  Baneling x4  
  200  13:29  Spire  
  185  13:52  Zergling x30  
  198  14:04  Zergling x6  
  188  14:11  Zergling x2, Roach x2  
  188  14:12  Zergling x18  
  188  14:16  Zergling x20  
  199  14:17  Zergling x2  
  199  14:18  Roach  
  199  14:19  Zergling x2  
  199  14:20  Zergling x2  
  199  14:23  Zergling x6, Roach x2  
  183  14:28  Roach  
  180  14:32  Roach x4  
  184  14:42  Swarm Host x5  
  196  14:46  Ravager x3  
  196  14:47  Baneling x7  
  199  14:58  Hatchery  
  198  15:04  Zergling x2  
  196  15:23  Zergling x2  
  196  15:24  Zergling x22  
  196  15:28  Baneling x10  
  194  15:30  Burrow  
  194  15:34  Ravager x7  
  188  15:59  Zergling x24  
  194  16:07  Zergling x14  
  199  16:17  Zergling x18  
  196  16:21  Zergling x2, Roach  
  196  16:23  Zergling x2  
  198  16:30  Zergling x2  
  187  16:47  Hatchery  
Tags
 
Add a new tag
Caveats
  • Supply blocks, unpowered buildings, or Contaminate may cause inaccurate times.
  • Supply counts are checked every 10 seconds.